 Dungeon Crawl Stone Soup version 0.19-a0-1021-g80cc50c (webtiles) character file.

448 poirepourri the Magician (level 6, -15/32 HPs)
             Began as a Deep Elf Conjurer on July 27, 2016.
             Demolished by an orc warrior
             ... wielding a +0 trident
              (21 damage)
             ... on level 4 of the Dungeon.
             The game lasted 00:05:21 (4391 turns).

poirepourri the Magician (Deep Elf Conjurer)        Turns: 4391, Time: 00:05:22

Health: -15/32     AC:  5    Str:  5    XL:     6   Next: 73%
Magic:  5/18       EV: 13    Int: 22    God:
Gold:   226        SH:  0    Dex: 15    Spells: 5 memorised, 6 levels left

rFire  . . .     SeeInvis .     m - +0 short sword
rCold  . . .     Gourm    .     a - +1 robe
rNeg   . . .     Faith    .     (no shield)
rPois  .         Spirit   .     (no helmet)
rElec  .         Dismiss  .     r - +1 cloak
rCorr  .         Reflect  .     (no gloves)
SustAt .         Harm     .     (no boots)
MR     .....                    (no amulet)
Stlth  ++........               (no ring)
                                (no ring)

@: not resistant to hostile enchantments, unstealthy
A: no striking features
a: no special abilities


You were on level 4 of the Dungeon.
You were full.

You visited 1 branch of the dungeon, and saw 4 of its levels.

You collected 226 gold pieces.

Inventory:

Hand Weapons
 m - a +0 short sword (weapon)
Armour
 a - a +1 robe (worn)
 r - a +1 cloak (worn)
Jewellery
 s - an uncursed ring of positive energy {unknown}
Wands
 f - a wand of acid (7/15)
 n - a wand of flame (11/48)
Potions
 d - 2 potions of degeneration {unknown}
 e - a potion of haste
 g - a potion of magic {unknown}
 h - a potion of resistance {unknown}
 i - 2 potions of cure mutation
 j - a potion of flight {unknown}
 k - 2 potions of might {unknown}
 l - 2 potions of curing {unknown}
 o - a potion of berserk rage {unknown}
 p - a potion of lignification {unknown}
Books
 b - a book of Conjurations

   Spells                             Type                      Level
   a - Magic Dart                     Conjuration                  1
   b - Searing Ray                    Conjuration                  2
   c - Dazzling Spray                 Conjuration/Hexes            3
   d - Fulminant Prism                Conjuration/Hexes            4
   e - Iskenderun's Mystic Blast      Conjuration                  4
   f - Iskenderun's Battlesphere      Conjuration/Charms           5
Comestibles
 c - a bread ration
 q - 3 fruits
 t - a royal jelly


   Skills:
 - Level 2.4 Dodging
 - Level 2.4 Stealth
 * Level 7.5 Spellcasting
 + Level 6.8 Conjurations


You had 6 spell levels left.
You knew the following spells:

 Your Spells              Type           Power        Failure   Level  Hunger
a - Magic Dart            Conj           ####         1%          1    None
b - Searing Ray           Conj           #####.       1%          2    None
c - Dazzling Spray        Conj/Hex       ###...       8%          3    None
d - Fulminant Prism       Conj/Hex       ###.......   21%         4    ###....
e - Iskenderun's Mystic   Conj           #####...     6%          4    ###....


Dungeon Overview and Level Annotations

Branches:
Dungeon (4/15)
 Temple: D:4-7

Altars:
Ru
Trog


Message History

* * * LOW HITPOINT WARNING * * *
The orc priest hits you but does no damage.
The searing ray hits the orc priest.
You kill the orc priest!
The orc warrior barely misses you.
The searing ray hits the orc warrior.
The orc warrior is heavily wounded.
You finish channeling your searing ray.
The orc warrior barely misses you.
Okay, then.
Okay, then.
Casting: Searing Ray
Confirm with . or Enter, or press ? or * to list all spells.
Aiming: Searing Ray
Press: ? - help, Shift-Dir - straight line, f - orc warrior
Aim: an orc warrior, wielding a trident and wearing a plate armour (heavily wounded)
The searing ray hits the orc warrior.
The orc warrior is heavily wounded.
The orc warrior hits you from afar with a trident!!
Ouch! That really hurt!
You die...

........# #....#..
........# #....#..
........# #....#..
#......# #....#..
#......# #....#..
#......# #....#..
#......# #....#..
.#####......#####....###
#...$o)@................
#....o..................
#.......................
#.......................
#.......................
...#####################
... ..


You could see an orc warrior and an orc.

Vanquished Creatures
  An ogre (D:4)
  A hound (D:4)
  An orc priest (D:4)
  Jessica (D:3)
  Ijyb (D:3)
  An iguana (D:4)
  Natasha (twice) (D:3)
  4 gnolls
  5 adders
  2 adder zombies (D:2)
  2 worms
  4 dart slugs
  3 giant geckos
  6 orcs
  2 ball pythons
  A bat skeleton (D:2)
  A bat zombie (D:2)
  A giant cockroach (D:1)
  5 goblins
  8 hobgoblins
  4 jackals (D:2)
  6 kobolds
  7 bats
  A giant cockroach zombie (D:2)
  A giant gecko skeleton (D:2)
  A giant gecko zombie (D:2)
  2 giant newts (D:1)
  6 rats
80 creatures vanquished.

Notes
Turn   | Place    | Note
-------+----------+-------------------------------------------
     0 | D:1      | poirepourri the Deep Elf Conjurer began the quest for the Orb.
     0 | D:1      | Reached XP level 1. HP: 10/10 MP: 6/6
   167 | D:1      | Reached XP level 2. HP: 15/15 MP: 5/8
   208 | D:1      | Reached skill level 5 in Conjurations
  1096 | D:2      | Learned a level 2 spell: Searing Ray
  1159 | D:2      | Reached XP level 3. HP: 19/19 MP: 7/9
  1316 | D:2      | Found a sacrificial altar of Ru.
  1650 | D:2      | Reached XP level 4. HP: 20/24 MP: 5/11
  1717 | D:2      | Reached skill level 4 in Spellcasting
  2256 | D:3      | Learned a level 3 spell: Dazzling Spray
  2261 | D:3      | Learned a level 4 spell: Fulminant Prism
  2295 | D:3      | Noticed Natasha
  2299 | D:3      | Killed Natasha
  2667 | D:3      | Noticed Ijyb
  2674 | D:3      | Killed Ijyb
  2674 | D:3      | Reached skill level 5 in Spellcasting
  2674 | D:3      | Reached XP level 5. HP: 21/28 MP: 6/14
  2939 | D:3      | Noticed Jessica
  2944 | D:3      | Killed Jessica
  3011 | D:3      | Noticed Natasha
  3159 | D:3      | Killed Natasha
  3455 | D:3      | Reached skill level 6 in Spellcasting
  3741 | D:3      | Learned a level 4 spell: Iskenderun's Mystic Blast
  3775 | D:4      | Reached XP level 6. HP: 24/32 MP: 9/17
  4137 | D:4      | Found a bloodstained altar of Trog.
  4209 | D:4      | Reached skill level 7 in Spellcasting
  4379 | D:4      | Noticed an orc warrior
  4391 | D:4      | Demolished by an orc warrior

Vault maps used:
D:1:      lemuel_arrival_room, minmay_pentomino_o4
D:2:      serial_undead, serial_undead_d, serial_undead_e, serial_undead_a,
          serial_undead_b, serial_undead_a, serial_undead_c,
          hangedman_ru_absence
D:3:      first_bread, uniq_jessica, uniq_iyjb, uniq_natasha
D:4:      trog_book

Skill      XL: |  1  2  3  4  5  6 |
---------------+-------------------+-----
Conjurations   | 5 6 |  6.8
Spellcasting   | 5 6 7 |  7.5
Dodging        | |  2.4
Stealth        | |  2.4

Action                   |  1- 3 |  4- 6 || total
-------------------------+-------+-------++-------
 Cast: Magic Dart        |    74 |   108 ||   182
       Searing Ray       |     1 |    12 ||    13
  Use: Scroll            |     4 |     4 ||     8
       Potion            |       |     1 ||     1
  Eat: Bread ration      |     1 |     2 ||     3
       Chunk             |       |     1 ||     1
       Fruit             |       |     1 ||     1
Armor: Robe              |     2 |     3 ||     5
Dodge: Dodged            |    13 |    12 ||    25
